 Dungeon Crawl Stone Soup version 0.24.0-125-gc4c63601f3 (webtiles) character file.

Game seed: 5800058965733538016, levelgen mode: deterministic

32795 Curus the Basher (level 13, -3/178 HPs)
             Began as a Minotaur Fighter on Mar 12, 2020.
             Was the Champion of Okawaru.
             Slain by a death yak (11 damage)
             ... on level 6 of the Lair of Beasts.
             The game lasted 00:58:14 (13349 turns).

Curus the Basher (Minotaur Fighter)                Turns: 13349, Time: 00:58:15

Health: -3/178     AC: 33    Str: 21    XL:     13   Next: 33%
Magic:  15/17      EV:  2    Int:  7    God:    Okawaru [******]
Gold:   607        SH: 15    Dex: 13    Spells: 12/12 levels left

rFire    . . .     SeeInvis .   G - +1 morningstar (protect)
rCold    . . .     Gourm    .   c - +1 shield
rNeg     + + +     Faith    .   (armour currently unavailable)
rPois    +         Spirit   .   (helmet currently unavailable)
rElec    +         Reflect  .   (cloak currently unavailable)
rCorr    .         Harm     .   (gloves currently unavailable)
MR       .....     NoTele   +   (boots currently unavailable)
Stlth    +++.......             D - amulet of the Air {Inacc +Fly rElec EV+5 RMsl}
HPRegen  0.39/turn              n - +2 ring of evasion
MPRegen  0.15/turn              d - ring of poison resistance

@: tree-form, heroism, protection aura, repel missiles
A: (retaliatory headbutt), blurry vision 1, MP-powered wands
a: Heroism, Finesse, Renounce Religion


You were on level 6 of the Lair of Beasts.
You worshipped Okawaru.
Okawaru was exalted by your worship.
You were not hungry.
You were a tree.
You visited 3 branches of the dungeon, and saw 15 of its levels.
You also visited: Sewer.

You collected 750 gold pieces.
You spent 143 gold pieces at shops.

Inventory:

Hand Weapons
 a - a +2 flail
 h - a +3 flail of protection
 G - a +1 morningstar of protection (weapon)
 L - the +1 great mace of Light {elec, rC+}
   (Okawaru gifted it to you on level 5 of the Lair of Beasts)

   Occasionally, upon striking a foe, it will discharge some electrical energy
   and cause terrible harm.
   It protects you from cold.
 S - a +2 trident of venom
Armour
 b - a +0 scale mail
 c - a +1 shield (worn)
 k - a +0 pair of boots (melded)
 l - a +2 pair of gloves (melded)
 p - a +0 cloak (melded)
 q - a +1 pair of gloves
 t - a +0 chain mail
 B - a +1 plate armour (melded)
Jewellery
 d - a ring of poison resistance (right branch)
 m - an uncursed amulet of guardian spirit
 n - a +2 ring of evasion (left branch)
 o - an uncursed amulet of regeneration
 w - an uncursed ring of teleportation
 x - an uncursed ring of protection from magic
 D - the amulet of the Air (around neck) {Inacc +Fly rElec EV+5 RMsl}
   (You found it on level 7 of the Dungeon)

   [amulet of inaccuracy]

   It reduces the accuracy of all your attacks.
   It affects your evasion (+5).
   It insulates you from electricity.
   It lets you fly.
   It protects you from missiles.
 I - a +4 ring of intelligence
 O - an uncursed ring of flight
Wands
 j - a wand of flame (54)
 r - a wand of random effects (15)
 J - a wand of acid (5)
Scrolls
 s - 6 scrolls of teleportation
 u - 6 scrolls of identify
 y - 3 scrolls of remove curse
 E - 3 scrolls of noise
 F - a scroll of fear
 H - 3 scrolls of magic mapping
 M - a scroll of amnesia
 N - a scroll of blinking
 Q - a scroll of enchant armour
Potions
 e - 2 potions of lignification
 g - 6 potions of curing
 i - 4 potions of heal wounds
 v - 2 potions of magic
 z - a potion of cancellation
 A - 2 potions of brilliance
 C - 3 potions of flight
 K - 2 potions of haste
Comestibles
 f - 21 rations


   Skills:
 + Level 12.7(17.7) Fighting
 - Level 14.0(19.0) Maces & Flails
 + Level 12.7(17.7) Armour
 - Level 10.0(15.0) Shields
 - Level 7.0 Invocations
 - Level 7.1 Evocations


You had 12 spell levels left.
You didn't know any spells.
Your spell library contained the following spells:

 Spells                   Type           Power        Failure   Level  Hunger
 Animate Skeleton         Necr           N/A          43%         1    ##.....
 Apportation              Tloc           #.....       43%         1    ##.....
 Confusing Touch          Hex            #.....       43%         1    ##.....
 Sting                    Conj/Pois      #...         43%         1    ##.....
 Summon Small Mammal      Summ           #...         43%         1    ##.....
 Poisonous Vapours        Pois/Air       #.....       56%         2    ###....
 Mephitic Cloud           Conj/Pois/Air  #.......     80%         3    ####...
 Olgreb's Toxic Radiance  Pois           #.......     99%         4    #####..
 Venom Bolt               Conj/Pois      #.........   100%        5    ######.


Dungeon Overview and Level Annotations

Branches:
Dungeon (8/15)             Temple (1/1) D:7            Lair (6/6) D:8
  Swamp (0/4) Lair:3       Spider (0/4) Lair:4        Slime (0/5) Lair:5
  Sewer (visited)

Altars:
Ashenzari
Dithmenos
Elyvilon
Fedhas
Gozag
Kikubaaqudgha
Makhleb
Nemelex Xobeh
Okawaru
Qazlal
Ru
Sif Muna
Trog
Uskayaw
Vehumet
Wu Jian
Xom
Yredelemnul
Zin
The Shining One
Jiyva

Shops:
D:4 (![}

Annotations:
Lair:1 exclusion: oklob plant
Lair:2 Sonja


Innate Abilities, Weirdness & Mutations

((You reflexively headbutt those who attack you in melee.))
((You have a pair of horns on your head.))
Scrolls take you a little longer to read.
((You are occasionally teleported next to monsters.))
You expend magic power (3 MP) to strengthen your wands.
((Your movements are slightly less encumbered by armour. (ER -2)))


Message History

The manticore barely misses you.
The manticore claws you but does no damage.
The manticore claws you!
* * * LOW HITPOINT WARNING * * *
The death yak gores you but does no damage.
You closely miss the death yak.
The death yak is heavily wounded.
The four-headed hydra bites you but does no damage.
You block the four-headed hydra's attack.
The four-headed hydra bites you but does no damage.
The four-headed hydra bites you.
* * * LOW HITPOINT WARNING * * *
The manticore bites you!
* * * LOW HITPOINT WARNING * * *
The manticore claws you but does no damage.
The manticore completely misses you.
You closely miss the death yak.
The death yak is heavily wounded.
The death yak gores you!
You die...

. ## ..
###)###...
.Y.....
#HY.#
#♣Dk# #
##### ##
.# .# ...#
......
P##.#. ##
##


You could see 2 death yaks, a four-headed hydra, a manticore and a rime drake.

Vanquished Creatures
  Nessos (Lair:5)
  A fire dragon (Lair:6)
  Harold (Lair:2)
  A hydra (Lair:1)
  A two-headed ogre (D:7)
  A swamp dragon (Lair:6)
  A lindwurm (Lair:4)
  3 ugly things (D:7)
  A cyclops (D:7)
  A manticore (D:7)
  12 elephants
  A torpor snail (Lair:2)
  9 spiny frogs
  2 rime drakes
  11 komodo dragons
  A troll (D:7)
  2 polar bears
  7 blink frogs
  A bog body (Lair:3)
  11 dream sheep
  3 hippogriffs
  2 spriggans (Lair:5)
  20 yaks
  6 basilisks
  A hungry ghost (D:7)
  A vampire mosquito (D:7)
  2 steam dragons (Lair:6)
  An acid dragon (D:7)
  5 water moccasins
  7 porcupines
  3 swamp drakes (Lair:6)
  A sky beast (D:6)
  An ice beast (D:5)
  3 orc warriors
  2 black bears
  A phantom (D:7)
  21 wolves
  4 crocodiles
  4 centaurs
  A big kobold (D:7)
  10 bullfrogs
  A water moccasin zombie (D:7)
  A scorpion (D:8)
  A killer bee (D:7)
  A wight (D:7)
  A howler monkey (D:8)
  3 crimson imps
  4 jellies
  A quasit (D:6)
  A bullfrog zombie (D:6)
  3 orc priests
  A hound (D:5)
  3 orc wizards
  A bullfrog skeleton (D:4)
  5 iguanas
  Natasha (thrice) (D:2)
  8 worker ants
  6 hell rats (Lair:5)
  A hound zombie (D:7)
  A worker ant zombie (D:7)
  A gnoll (D:7)
  A howler monkey skeleton (D:6)
  14 adders
  6 oozes
  5 worms
  2 dart slugs
  4 leopard geckos
  25 orcs
  6 ball pythons
  11 giant cockroaches
  10 goblins
  9 hobgoblins
  10 jackals
  7 quokkas
  8 bats
  3 frilled lizards
  13 kobolds
  A quokka zombie (D:5)
  9 rats
  A plant (Lair:6)
360 creatures vanquished.

Vanquished Creatures (others)
  A rime drake (Lair:4)
  3 blink frogs (Lair:4)
  A crocodile (Lair:6)
  7 fungi
  10 plants
22 creatures vanquished.

Grand Total: 382 creatures vanquished

Notes
Turn   | Place    | Note
-------+----------+-------------------------------------------
     0 | D:1      | Curus the Minotaur Fighter began the quest for the Orb.
     0 | D:1      | Reached XP level 1. HP: 19/19 MP: 0/0
    65 | D:1      | Reached skill level 3 in Maces & Flails
   138 | D:1      | Reached XP level 2. HP: 24/26 MP: 1/1
   956 | D:2      | Reached skill level 4 in Maces & Flails
   964 | D:2      | Reached XP level 3. HP: 27/31 MP: 2/2
  1103 | D:2      | Reached skill level 5 in Maces & Flails
  1174 | D:2      | Reached XP level 4. HP: 39/39 MP: 3/3
  1320 | D:2      | Noticed Natasha
  1327 | D:2      | Killed Natasha
  1334 | D:2      | Noticed Natasha
  1346 | D:2      | Killed Natasha
  1346 | D:2      | Reached skill level 6 in Maces & Flails
  1443 | D:2      | Noticed Natasha
  1451 | D:2      | Killed Natasha
  1451 | D:2      | Reached XP level 5. HP: 26/45 MP: 4/4
  1952 | D:3      | Reached skill level 7 in Maces & Flails
  2457 | D:4      | Found an opulent altar of Gozag.
  2457 | D:4      | Found a sparkling altar of Nemelex Xobeh.
  2538 | D:4      | Found Ibicis's Antique Armour Emporium.
  2567 | D:4      | Found Eggyudun's Distillery.
  2572 | D:4      | Bought a potion of curing for 39 gold pieces
  2572 | D:4      | Bought a potion of curing for 39 gold pieces
  2572 | D:4      | Bought a potion of heal wounds for 65 gold pieces
  2596 | D:4      | Found Xetohur's Antique Weapon Boutique.
  2917 | D:4      | Found Hegiekh's Gadget Boutique.
  2965 | D:4      | Reached XP level 6. HP: 51/51 MP: 5/5
  3209 | D:5      | Entered Level 5 of the Dungeon
  3255 | D:5      | Reached skill level 8 in Maces & Flails
  3312 | D:5      | Reached skill level 9 in Maces & Flails
  3363 | D:5      | Reached XP level 7. HP: 55/57 MP: 6/6
  3641 | D:5      | Reached skill level 10 in Maces & Flails
  4174 | D:6      | Reached skill level 11 in Maces & Flails
  4237 | D:6      | Reached XP level 8. HP: 53/64 MP: 7/7
  4322 | D:6      | Found a glowing drain.
  4342 | Sewer    | Entered a sewer
  5003 | D:6      | Reached skill level 12 in Maces & Flails
  5272 | D:7      | Noticed a manticore
  5273 | D:7      | Noticed a brown ugly thing
  5290 | D:7      | Killed a manticore
  5290 | D:7      | Reached skill level 13 in Maces & Flails
  5297 | D:7      | Killed a brown ugly thing
  5297 | D:7      | Reached XP level 9. HP: 10/70 MP: 8/8
  5411 | D:7      | Reached skill level 14 in Maces & Flails
  5699 | D:7      | Found a runed translucent door.
  5699 | D:7      | Noticed a troll
  5700 | D:7      | Found a runed translucent door.
  5701 | D:7      | Found a runed translucent door.
  5701 | D:7      | Noticed a brown ugly thing
  5744 | D:7      | Reached skill level 5 in Fighting
  5744 | D:7      | Reached skill level 5 in Armour
  5890 | D:7      | Found an ancient bone altar of Kikubaaqudgha.
  5890 | D:7      | Found a shadowy altar of Dithmenos.
  5962 | D:7      | Found a shimmering blue altar of Sif Muna.
  5969 | D:7      | Found a stormy altar of Qazlal.
  5970 | D:7      | Found a radiant altar of Vehumet.
  5972 | D:7      | Found a hide-covered altar of Uskayaw.
  5974 | D:7      | Found a basalt altar of Yredelemnul.
  6053 | D:7      | Found a staircase to the Ecumenical Temple.
  6062 | Temple   | Entered the Ecumenical Temple
  6083 | Temple   | Became a worshipper of Warmaster Okawaru
  6257 | D:7      | Killed a brown ugly thing
  6257 | D:7      | Reached * piety under Okawaru
  6262 | D:7      | Killed a troll
  6273 | D:7      | Reached XP level 10. HP: 41/86 MP: 9/9
  6275 | D:7      | Reached ** piety under Okawaru
  6305 | D:7      | Noticed a cyclops
  6306 | D:7      | Identified the +6 rapier "Gupnil" {speed, rC- rN+ Str+2
                  | Stlth+}
  6306 | D:7      | Noticed a two-headed ogre
  6307 | D:7      | Found the amulet of the Air {Inacc +Fly rElec EV+5 RMsl}
  6308 | D:7      | Noticed a red ugly thing
  6317 | D:7      | Killed a cyclops
  6325 | D:7      | Killed a two-headed ogre
  6337 | D:7      | Killed a red ugly thing
  6345 | D:7      | Reached *** piety under Okawaru
  6642 | D:8      | Found a sacrificial altar of Ru.
  6755 | D:8      | Found a staircase to the Lair.
  6791 | Lair:1   | Entered Level 1 of the Lair of Beasts
  6853 | Lair:1   | Reached skill level 1 in Invocations
  6853 | Lair:1   | Reached skill level 1 in Evocations
  7024 | Lair:1   | Reached **** piety under Okawaru
  7077 | Lair:1   | Noticed a seven-headed hydra
  7083 | Lair:1   | Reached skill level 5 in Shields
  7083 | Lair:1   | Reached XP level 11. HP: 57/99 MP: 11/11
  7089 | Lair:1   | Killed a seven-headed hydra
  7583 | Lair:1   | Noticed an oklob plant
  7769 | Lair:1   | Received a gift from Okawaru
  8122 | Lair:2   | Reached ***** piety under Okawaru
  8405 | Lair:2   | Reached skill level 5 in Invocations
  8885 | Lair:2   | Reached skill level 5 in Evocations
  9055 | Lair:2   | Noticed Sonja
  9139 | Lair:3   | Found a staircase to the Swamp.
  9146 | Lair:3   | Reached ****** piety under Okawaru
  9564 | Lair:3   | Received a gift from Okawaru
  9564 | Lair:3   | Reached XP level 12. HP: 99/106 MP: 15/15
  9602 | Lair:2   | Noticed Harold
  9617 | Lair:2   | Killed Harold
 10191 | Lair:4   | Received a gift from Okawaru
 10218 | Lair:4   | Reached skill level 10 in Shields
 10220 | Lair:4   | Reached skill level 10 in Fighting
 10220 | Lair:4   | Reached skill level 10 in Armour
 10789 | Lair:4   | Found a hole to the Spider Nest.
 11576 | Lair:5   | Received a gift from Okawaru
 11577 | Lair:5   | Got a pitted great mace {god gift}
 11912 | Lair:5   | Noticed Nessos
 11923 | Lair:6   | Entered Level 6 of the Lair of Beasts
 11945 | Lair:5   | Reached XP level 13. HP: 19/117 MP: 14/17
 12291 | Lair:5   | Found an opulent altar of Gozag.
 12358 | Lair:5   | Gained mutation: Scrolls take you a little longer to read.
                  | [potion of mutation]
 12358 | Lair:5   | Gained mutation: You expend magic power (3 MP) to
                  | strengthen your wands. [potion of mutation]
 12358 | Lair:5   | Gained mutation: You are occasionally teleported next to
                  | monsters. [potion of mutation]
 12358 | Lair:5   | Gained mutation: Your movements are slightly less
                  | encumbered by armour. (ER -2) [potion of mutation]
 12390 | Lair:5   | Found a staircase to the Slime Pits.
 12391 | Lair:5   | Found a viscous altar of Jiyva.
 12478 | Lair:5   | Killed Nessos
 12948 | Lair:5   | Identified the +1 great mace of Light {elec, rC+} (Okawaru
                  | gifted it to you on level 5 of the Lair of Beasts)
 13086 | Lair:6   | Received a gift from Okawaru
 13194 | Lair:6   | Noticed a fire dragon
 13216 | Lair:6   | Killed a fire dragon
 13348 | Lair:6   | HP: 8/178 [manticore (7)]
 13349 | Lair:6   | Slain by a death yak

Levels and vault maps discovered:
D:1:      giann_bridges, layout_basic, minmay_misc_feat_encased
D:2:      layout_basic, minmay_misc_feat_four_crosses,
          chequers_serial_rivers_micro_a, minmay_diced_spiral, uniq_natasha
D:3:      layout_rooms
D:4:      layout_basic, grunt_temple_overflow_opulence, serial_shops,
          nicolae_shop_crystal, kennysheep_little_box, nicolae_shop_waterfront,
          shop, chequers_serial_rivers_large_a
D:5:      layout_basic, first_ration, lightli_corner_chamber
D:6:      layout_rooms, cheibrodos_sewer_entry_drain
D:7:      minmay_the_grid_triangle_9x9_rhombus_full
          [minmay_the_grid_triangle_9x9_from_above,
          minmay_the_grid_triangle_9x9_intruding_spiral,
          minmay_the_grid_triangle_9x9_warning,
          minmay_the_grid_triangle_9x9_corruption,
          minmay_the_grid_triangle_9x9_negative_grid,
          minmay_the_grid_triangle_9x9_fully_insulated_deathbox,
          minmay_the_grid_triangle_9x9_alien,
          minmay_the_grid_triangle_9x9_prize_center], layout_gridville,
          minitemple, gammafunk_temple_overflow_wave, kennysheep_nondescript
D:8:      layout_loops_ring, david_lair_generic, gammafunk_ghost_split,
          hangedman_little_slice_of_home, nicolae_ru_the_path_less_chosen
Temple:   minmay_temple_bridge_abc
Lair:1:   layout_regular_city, grunt_megastairs_5, minmay_lair_oklob_chamber
Lair:2:   layout_chaotic_city, minmay_holes, beast_lair_carwin_9, uniq_harold,
          uniq_sonja
Lair:3:   layout_loops_ring, skrybe_swamp_entry_bodies, minivault_23
Lair:4:   layout_roguey, dummy_spider_entry, lemuel_old_faithful
Lair:5:   layout_regular_city, slime_altar_1, basic_altar, forest_entry_grove,
          uniq_nessos
Lair:6:   hangedman_lair_in_review, layout_misc_corridors,
          guppyfry_lair_end_dragon, serial_bayou_shore_b

Skill      XL: |  1  2  3  4  5  6  7  8  9 10 11 12 13 |
---------------+----------------------------------------+-----
Maces & Flails | 3 4 5 6 7 9 11 13 14 | 14.0
Fighting       | 7 9 11 12 | 12.7
Armour         | 7 9 11 12 | 12.7
Shields        | 5 8 10 | 10.0
Invocations    | 2 6 7 |  7.0
Evocations     | 2 5 7 |  7.1

Action                   |  1- 3 |  4- 6 |  7- 9 | 10-12 | 13-15 || total
-------------------------+-------+-------+-------+-------+-------++-------
Melee: Flail             |    73 |   163 |   338 |   717 |       ||  1291
       Headbutt          |     7 |    20 |    53 |   175 |    50 ||   305
       Morningstar       |       |       |       |   171 |   241 ||   412
Invok: Heroism           |       |       |       |     7 |     5 ||    12
 Abil: Evoke Flight      |       |       |       |       |     1 ||     1
Evoke: Wand              |       |       |     1 |     1 |     3 ||     5
  Use: Potion            |     5 |     3 |     6 |     4 |     3 ||    21
       Scroll            |     6 |     4 |     3 |     6 |     1 ||    20
 Stab: Confused          |       |       |       |       |     9 ||     9
  Eat: Chunk             |     1 |     7 |     9 |    17 |     5 ||    39
       Ration            |       |       |       |     1 |       ||     1
Armor: Scale mail        |    38 |    33 |       |       |       ||    71
       Chain mail        |       |    20 |   124 |       |       ||   144
       Plate armour      |       |       |    19 |   374 |   146 ||   539
       Skin              |       |       |       |       |    38 ||    38
Dodge: Dodged            |    12 |    42 |    68 |   376 |   136 ||   634
       Deflected         |       |       |       |     3 |     7 ||    10
Block: Shield            |    27 |    84 |   135 |   537 |   209 ||   992
